cohdb
Replays
Latest Replays
All Replays
Popular Replays
Top Player Replays
Match Explorer
How It Works
Community
CoH3 Stats
Reddit
Sign in to upload your games and track your stats! →
Sign in with Steam
Match 42475308
Unlisted
Match 42475308
Overview
Messages
Build Orders
End
Selects Italian Combined Arms Battlegroup
Selects Bersaglieri Squad
Bersaglieri Squad
250 Light Carrier
Bersaglieri Squad
Construct Light Support Kompanie
Combat Half-tracks
Bersaglieri Squad
Fire Support Elements
Selects Bersaglieri Bolster
Flakvierling Half-track
Assault Mechanized Group
Bersaglieri Squad
Construct Panzerarmee Kommand
2.5-tonne Medical Truck
Selects Breda Model 30 Light Machine Guns
Panzer III L Medium Tank
Panzerjäger Mechanized Group
Armored Reserves
Emergency Repair Kits
Tiger Heavy Tank
Selects Semovente da 75/18 Assault Gun
Selects Strafing Run
Selects Artillery Cover
Artillery Cover
Artillery Cover
Rapid Advance
Advanced Optics
Artillery Cover
StuG Assault Group
屑馒头_super sher
Beluga
El Macho
toumodafeiji
Scooter
Zetty
Prinz
lamasroman580
0
0
Comments
sign in to comment!
No comments posted yet!